MapleLeafs vs BlackHawks

Created - 9 janvier 2021 at 21:14

Goals
1 2 3 T
MapleLeafs 0 1 1 2
BlackHawks 0 4 0 4
Shots
1 2 3 T
MapleLeafs 9 9 10 28
BlackHawks 8 25 8 41

1st period

No Goal

Penalties :
Dustin Brown (TOR) for Tripping (Minor) at 5:10, Curtis Lazar (CHI) for Hooking (Minor) at 7:58, Joel Edmundson (TOR) for Hooking (Minor) at 13:29

2nd period

1. BlackHawks , Jared McCann 8 (John Marino 10, Lawson Crouse 9) at 4:33
2. BlackHawks , Phil Kessel 9 (Johnny Boychuk 4, Curtis Lazar 4) at 7:29
3. MapleLeafs , Jack Hughes 4 (Jay Beagle 12, Jamie Oleksiak 1) at 10:52
4. BlackHawks , Justin Faulk 4 (Erik Johnson 12, Brock Boeser 14) at 11:42
5. BlackHawks , Phillip Danault 6 (Erik Johnson 13, Phil Kessel 10) at 15:27

Penalties :
Justin Faulk (CHI) for Elbowing (Minor) at 8:44

3rd period

6. MapleLeafs , Kyle Okposo 9 (Matt Duchene 11, Ondrej Palat 11) at 14:52

Penalties :
No Penalty

Goalie Stats

Braden Holtby (TOR), 37 saves from 41 shots - (0,902), L, 11-9-4, 60:00 minutes
Jacob Markstrom (CHI), 26 saves from 28 shots - (0,929), W, 17-19-2, 60:00 minutes

Players Stats for MapleLeafs

Player Name              G  A  P  +/- PIM S  H  SB GA TA FO     MP     PP MP  PK MP  
------------------------------------------------------------------------------------
Anton Stralman           0  0  0  -2  0   3  1  0  0  0  0/0    21:23   2:03   1:37 
Cody Ceci                0  0  0  -2  0   0  1  0  0  0  0/0    21:01   2:03   2:12 
Derrick Pouliot          0  0  0   0  0   0  0  0  0  0  0/0     0:00   0:00   0:00 
Dustin Brown             0  0  0   0  2   2  4  1  0  0  1/6    19:06   1:48   0:52 
Jack Hughes              1  0  1  -1  0   2  1  0  0  0  1/3    15:59   0:00   1:03 
Jamie Oleksiak           0  1  1   0  0   0  3  1  0  0  0/0    16:16   0:00   1:04 
Jay Beagle               0  1  1  -1  0   0  4  0  0  0  6/13   16:30   0:00   2:10 
Jesper Bratt             0  0  0  -1  0   0  0  0  0  0  1/4    15:11   0:00   0:51 
Joel Edmundson           0  0  0   0  2   1  7  2  0  0  0/0    21:45   1:55   0:42 
Kyle Okposo              1  0  1   0  0   1  2  1  0  0  0/0    18:56   2:10   0:00 
Leo Komarov              0  0  0  -1  0   1  0  0  0  0  0/0     4:31   0:00   0:00 
Matt Duchene             0  1  1   0  0   4  0  0  0  0  12/22  20:18   2:10   1:22 
Mike Matheson            0  0  0   0  0   2  0  1  0  0  0/0    23:04   1:55   2:00 
Ondrej Palat             0  1  1   0  0   4  1  0  0  0  0/1    18:56   2:10   0:00 
Roope Hintz              0  0  0  -1  0   1  0  0  0  0  4/7     4:31   0:00   0:00 
Ryan Murray              0  0  0   0  0   1  1  1  0  0  0/0    16:30   0:00   0:21 
Sebastian Aho            0  0  0  -1  0   5  1  1  0  0  10/25  22:10   1:48   0:00 
Tyler Johnson            0  0  0   0  0   1  0  0  0  0  1/2    19:53   1:48   1:38 

Players Stats for BlackHawks

Player Name              G  A  P  +/- PIM S  H  SB GA TA FO     MP     PP MP  PK MP  
------------------------------------------------------------------------------------
Adam Larsson             0  0  0   0  0   0  3  0  0  0  0/0    19:22   1:36   1:45 
Anze Kopitar             0  0  0   0  0   3  2  1  0  0  18/28  24:51   2:27   2:13 
Ben Hutton               0  0  0   0  0   0  0  0  0  0  0/0     6:49   0:00   0:27 
Brandon Carlo            0  0  0   0  0   1  4  0  0  0  0/0    19:22   1:36   1:45 
Brock Boeser             0  1  1   0  0   6  1  0  0  0  1/4    21:41   2:27   1:04 
Curtis Lazar             0  1  1   2  2   3  0  0  0  0  1/2    19:10   1:31   0:00 
Erik Johnson             0  2  2   1  0   1  3  4  0  0  0/0    23:10   2:22   2:05 
Ivan Barbashev           0  0  0   0  0   1  1  1  0  0  0/0     3:08   0:00   0:41 
Jaden Schwartz           0  0  0   0  0   0  3  0  0  0  0/1    22:00   2:27   1:23 
Jared McCann             1  0  1   0  0   6  1  0  0  0  1/5    16:14   0:00   0:00 
Jarred Tinordi           0  0  0   0  0   0  0  0  0  0  0/0     6:22   0:00   0:00 
John Marino              0  1  1   1  0   0  1  2  0  0  0/0    11:53   0:00   0:55 
Johnny Boychuk           0  1  1   1  0   0  3  1  0  0  0/0    10:58   0:00   0:00 
Justin Faulk             1  0  1   1  2   1  1  1  0  0  0/0    22:03   2:22   0:59 
Lawson Crouse            0  1  1   0  0   2  0  0  0  0  2/2    13:47   0:00   0:00 
Phil Kessel              1  1  2   2  0   5  1  0  0  0  0/0    19:19   1:31   0:08 
Phillip Danault          1  0  1   2  0   9  3  0  0  0  20/25  21:38   1:31   2:27 
Scott Laughton           0  0  0   0  0   3  1  0  0  0  4/16   14:13   0:00   0:00 

3 Stars

1 - Phil Kessel (CHI)
2 - Phillip Danault (CHI)
3 - Erik Johnson (CHI)

Power Play

MapleLeafs - 0 on 2 Attempt(s) - 0,00%
BlackHawks - 0 on 2 Attempt(s) - 0,00%

Penalty Kill

MapleLeafs - 2 on 2 Attempt(s) - 100,00% - Score 0 goal in Penalty Kill
BlackHawks - 2 on 2 Attempt(s) - 100,00% - Score 0 goal in Penalty Kill

Team Stat

MapleLeafs - Hits : 26 - Faceoff Wins : 36 - Blocked Shots : 8 - Penalty Minutes : 4
BlackHawks - Hits : 28 - Faceoff Wins : 47 - Blocked Shots : 10 - Penalty Minutes : 4

Official

Referees : Brett Roeland and Adam Bloski
Linesman : Bryan Pancich and Brendan Lewis

Game Notes

No Game Note

Finance

Level 1 -- Attendance: 2501 (38,48%) -- Ticket Income 625 250 $
Level 2 -- Attendance: 1987 (39,74%) -- Ticket Income 397 400 $
Level 3 -- Attendance: 1042 (29,77%) -- Ticket Income 182 350 $
Level 4 -- Attendance: 676 (18,19%) -- Ticket Income 101 400 $
Luxury Box -- Attendance: 446 (44,60%) -- Ticket Income 178 400 $
Game was played at the United Center.
Total Attendance: 6652 (33,74%)
Total Ticket Income: 1 484 800 $
Other Income: 727 552 $
Total Income: 2 212 352 $

% Time on Ice - MapleLeafs

Lines # - Real PCT - Wanted PCT - Time Play
Normal Forward
1 - 32% - 36% - 16:27
2 - 32% - 28% - 16:46
3 - 28% - 26% - 14:20
4 - 9% - 10% - 4:31
Normal Defense
1 - 34% - 36% - 17:43
2 - 27% - 30% - 13:49
3 - 29% - 20% - 15:12
4 - 10% - 14% - 5:20
PP Forward
1 - 45% - 60% - 1:48
2 - 55% - 40% - 2:10
PP Defense
1 - 52% - 60% - 2:03
2 - 48% - 40% - 1:55
PK Forward
1 - 66% - 60% - 2:36
2 - 34% - 40% - 1:22
PK Defense
1 - 40% - 60% - 1:36
2 - 60% - 40% - 2:22
PK3 Forward
1 - 0% - 60%
2 - 0% - 40%
PK3 Defense
1 - 0% - 60%
2 - 0% - 40%
44 Forward
1 - 0% - 60%
2 - 0% - 40%
44 Defense
1 - 0% - 60%
2 - 0% - 40%
Last Minute Offensive  - 0:00
Last Minute Defensive  - 0:00
Total
Forward - 60:00
Defense - 60:00

% Time on Ice - BlackHawks

Lines # - Real PCT - Wanted PCT - Time Play
Normal Forward
1 - 35% - 40% - 18:10
2 - 34% - 30% - 17:40
3 - 26% - 20% - 13:47
4 - 5% - 10% - 2:27
Normal Defense
1 - 36% - 40% - 18:43
2 - 31% - 30% - 16:01
3 - 21% - 20% - 10:58
4 - 12% - 10% - 6:22
PP Forward
1 - 62% - 60% - 2:27
2 - 38% - 40% - 1:31
PP Defense
1 - 60% - 60% - 2:22
2 - 40% - 40% - 1:36
PK Forward
1 - 73% - 60% - 2:54
2 - 27% - 40% - 1:04
PK Defense
1 - 56% - 60% - 2:13
2 - 44% - 40% - 1:45
PK3 Forward
1 - 0% - 60%
2 - 0% - 40%
PK3 Defense
1 - 0% - 60%
2 - 0% - 40%
44 Forward
1 - 0% - 60%
2 - 0% - 40%
44 Defense
1 - 0% - 60%
2 - 0% - 40%
Last Minute Offensive  - 0:00
Last Minute Defensive  - 0:00
Total
Forward - 60:00
Defense - 60:00

Play-by-Play

1st period


0:01 of 1st period - Anze Kopitar wins face-off versus Sebastian Aho in neutral zone.
0:06 of 1st period - Icing by Dustin Brown.
0:07 of 1st period - Phillip Danault wins face-off versus Dustin Brown in MapleLeafs zone.
0:09 of 1st period - Curtis Lazar is hit by Anton Stralman and loses puck.
0:14 of 1st period - Shot by Phillip Danault.
0:14 of 1st period - Shot Misses the Net.
0:16 of 1st period - Shot by Phillip Danault.
0:16 of 1st period - Stopped by Braden Holtby without a rebound.
0:17 of 1st period - Matt Duchene wins face-off versus Scott Laughton in MapleLeafs zone.
0:23 of 1st period - Matt Duchene is hit by John Marino and loses puck.
0:26 of 1st period - Shot by Kyle Okposo.
0:26 of 1st period - Shot Misses the Net.
0:28 of 1st period - Shot by Matt Duchene.
0:28 of 1st period - Shot Blocked by Johnny Boychuk.
0:44 of 1st period - Shot by Matt Duchene.
0:44 of 1st period - Stopped by Jacob Markstrom without a rebound.
0:45 of 1st period - Anze Kopitar wins face-off versus Jack Hughes in BlackHawks zone.
1:06 of 1st period - Shot by Anze Kopitar.
1:06 of 1st period - Shot Misses the Net.
1:26 of 1st period - Shot by Brock Boeser.
1:26 of 1st period - Stopped by Braden Holtby without a rebound.
1:27 of 1st period - Phillip Danault wins face-off versus Sebastian Aho in MapleLeafs zone.
1:36 of 1st period - Shot by Anton Stralman.
1:36 of 1st period - Shot Misses the Net.
2:40 of 1st period - Icing by Matt Duchene.
2:41 of 1st period - Matt Duchene wins face-off versus Anze Kopitar in MapleLeafs zone.
2:41 of 1st period - Matt Duchene is hit by Anze Kopitar.
2:48 of 1st period - Mike Matheson is hit by Erik Johnson and loses puck.
3:33 of 1st period - Matt Duchene is hit by Johnny Boychuk and loses puck.
4:03 of 1st period - Shot by Sebastian Aho.
4:03 of 1st period - Shot Misses the Net.
4:53 of 1st period - Curtis Lazar is hit by Jamie Oleksiak and loses puck.
5:00 of 1st period - Shot by Phillip Danault.
5:00 of 1st period - Stopped by Braden Holtby without a rebound.
5:01 of 1st period - Sebastian Aho wins face-off versus Brock Boeser in MapleLeafs zone.
5:01 of 1st period - Sebastian Aho is hit by Jaden Schwartz.
5:10 of 1st period - Minor Penalty to Dustin Brown for Tripping.
5:11 of 1st period - Brock Boeser wins face-off versus Jesper Bratt in MapleLeafs zone.
5:51 of 1st period - Shot by Brock Boeser.
5:51 of 1st period - Shot Misses the Net.
6:27 of 1st period - Shot by Curtis Lazar.
6:27 of 1st period - Stopped by Braden Holtby without a rebound.
6:28 of 1st period - Anze Kopitar wins face-off versus Jesper Bratt in MapleLeafs zone.
6:34 of 1st period - Anze Kopitar is hit by Joel Edmundson and loses puck.
6:57 of 1st period - Shot by Jay Beagle.
6:57 of 1st period - Shot Misses the Net.
7:07 of 1st period - Shot by Tyler Johnson.
7:07 of 1st period - Stopped by Jacob Markstrom without a rebound.
7:08 of 1st period - Phillip Danault wins face-off versus Jesper Bratt in BlackHawks zone.
7:48 of 1st period - Shot by Jared McCann.
7:48 of 1st period - Stopped by Braden Holtby without a rebound.
7:49 of 1st period - Phillip Danault wins face-off versus Matt Duchene in MapleLeafs zone.
7:49 of 1st period - Phillip Danault is hit by Joel Edmundson.
7:57 of 1st period - Shot by Curtis Lazar.
7:57 of 1st period - Deflect By Phil Kessel.
7:57 of 1st period - Shot Hit the Post.
7:58 of 1st period - Minor Penalty to Curtis Lazar for Hooking.
7:59 of 1st period - Anze Kopitar wins face-off versus Matt Duchene in BlackHawks zone.
8:31 of 1st period - Ondrej Palat is hit by Erik Johnson and loses puck.
8:54 of 1st period - Shot by Sebastian Aho.
8:54 of 1st period - Deflect By Dustin Brown.
8:54 of 1st period - Stopped by Jacob Markstrom without a rebound.
8:55 of 1st period - Sebastian Aho wins face-off versus Jaden Schwartz in BlackHawks zone.
9:48 of 1st period - Shot by Ondrej Palat.
9:48 of 1st period - Stopped by Jacob Markstrom without a rebound.
9:49 of 1st period - Anze Kopitar wins face-off versus Matt Duchene in BlackHawks zone.
10:17 of 1st period - Shot by Jay Beagle.
10:17 of 1st period - Shot Misses the Net.
11:32 of 1st period - Anze Kopitar is hit by Joel Edmundson and loses puck.
11:40 of 1st period - Icing by Joel Edmundson.
11:41 of 1st period - Phillip Danault wins face-off versus Sebastian Aho in MapleLeafs zone.
12:04 of 1st period - Shot by Sebastian Aho.
12:04 of 1st period - Stopped by Jacob Markstrom without a rebound.
12:05 of 1st period - Scott Laughton wins face-off versus Matt Duchene in BlackHawks zone.
12:18 of 1st period - Shot by Matt Duchene.
12:18 of 1st period - Stopped by Jacob Markstrom with a rebound.
12:52 of 1st period - Matt Duchene is hit by Phillip Danault and loses puck.
12:57 of 1st period - Kyle Okposo is hit by Phillip Danault and loses puck.
13:06 of 1st period - Shot by Curtis Lazar.
13:06 of 1st period - Stopped by Braden Holtby without a rebound.
13:07 of 1st period - Sebastian Aho wins face-off versus Anze Kopitar in MapleLeafs zone.
13:07 of 1st period - Sebastian Aho is hit by Jaden Schwartz.
13:18 of 1st period - Mike Matheson is hit by Brandon Carlo.
13:29 of 1st period - Minor Penalty to Joel Edmundson for Hooking.
13:30 of 1st period - Phillip Danault wins face-off versus Dustin Brown in MapleLeafs zone.
14:44 of 1st period - Off-side.
14:45 of 1st period - Anze Kopitar wins face-off versus Dustin Brown in neutral zone.
15:23 of 1st period - Off-side.
15:24 of 1st period - Phillip Danault wins face-off versus Dustin Brown in neutral zone.
15:41 of 1st period - Shot by Scott Laughton.
15:41 of 1st period - Shot Misses the Net.
15:46 of 1st period - Off-side.
15:47 of 1st period - Phillip Danault wins face-off versus Jack Hughes in neutral zone.
16:19 of 1st period - Shot by Phil Kessel.
16:19 of 1st period - Stopped by Braden Holtby with a rebound.
17:04 of 1st period - Shot by Dustin Brown.
17:04 of 1st period - Shot Blocked by John Marino.
17:06 of 1st period - Shot by Mike Matheson.
17:06 of 1st period - Stopped by Jacob Markstrom without a rebound.
17:07 of 1st period - Matt Duchene wins face-off versus Brock Boeser in BlackHawks zone.
17:07 of 1st period - Matt Duchene is hit by Adam Larsson.
17:12 of 1st period - Kyle Okposo is hit by Adam Larsson and loses puck.
17:25 of 1st period - Shot by Kyle Okposo.
17:25 of 1st period - Shot Misses the Net.
17:27 of 1st period - Shot by Ondrej Palat.
17:27 of 1st period - Stopped by Jacob Markstrom without a rebound.
17:28 of 1st period - Sebastian Aho wins face-off versus Phillip Danault in BlackHawks zone.
18:06 of 1st period - Off-side.
18:07 of 1st period - Matt Duchene wins face-off versus Scott Laughton in neutral zone.
18:17 of 1st period - Shot by Matt Duchene.
18:17 of 1st period - Stopped by Jacob Markstrom with a rebound.
18:35 of 1st period - Off-side.
18:36 of 1st period - Jay Beagle wins face-off versus Anze Kopitar in neutral zone.
18:39 of 1st period - Shot by Jesper Bratt.
18:39 of 1st period - Shot Blocked by John Marino.
18:51 of 1st period - Shot by Jaden Schwartz.
18:51 of 1st period - Shot Misses the Net.
18:53 of 1st period - Shot by Anze Kopitar.
18:53 of 1st period - Stopped by Braden Holtby without a rebound.
18:54 of 1st period - Sebastian Aho wins face-off versus Phillip Danault in MapleLeafs zone.
19:07 of 1st period - Sebastian Aho is hit by Justin Faulk and loses puck.
19:10 of 1st period - Shot by Joel Edmundson.
19:10 of 1st period - Shot Blocked by Erik Johnson.
19:51 of 1st period - Shot by Ondrej Palat.
19:51 of 1st period - Shot Misses the Net.
Goals for this period are 0 for MapleLeafs vs 0 for BlackHawks.
Shots for this period are 9 for MapleLeafs vs 8 for BlackHawks.

2nd period


0:01 of 2nd period - Anze Kopitar wins face-off versus Tyler Johnson in neutral zone.
0:08 of 2nd period - Shot by Brock Boeser.
0:08 of 2nd period - Shot Blocked by Joel Edmundson.
0:20 of 2nd period - Shot by Sebastian Aho.
0:20 of 2nd period - Shot Blocked by Erik Johnson.
0:24 of 2nd period - Shot by Sebastian Aho.
0:24 of 2nd period - Shot Misses the Net.
0:26 of 2nd period - Shot by Joel Edmundson.
0:26 of 2nd period - Stopped by Jacob Markstrom without a rebound.
0:27 of 2nd period - Phillip Danault wins face-off versus Jay Beagle in BlackHawks zone.
0:54 of 2nd period - Shot by Phillip Danault.
0:54 of 2nd period - Stopped by Braden Holtby without a rebound.
0:55 of 2nd period - Anze Kopitar wins face-off versus Sebastian Aho in MapleLeafs zone.
1:16 of 2nd period - Shot by Brock Boeser.
1:16 of 2nd period - Stopped by Braden Holtby without a rebound.
1:17 of 2nd period - Matt Duchene wins face-off versus Scott Laughton in MapleLeafs zone.
1:23 of 2nd period - Ondrej Palat is hit by Brandon Carlo and loses puck.
1:31 of 2nd period - Kyle Okposo is hit by Brandon Carlo and loses puck.
1:38 of 2nd period - Shot by Ondrej Palat.
1:38 of 2nd period - Shot Misses the Net.
1:48 of 2nd period - Shot by Ondrej Palat.
1:48 of 2nd period - Shot Misses the Net.
1:50 of 2nd period - Shot by Anton Stralman.
1:50 of 2nd period - Stopped by Jacob Markstrom without a rebound.
1:51 of 2nd period - Sebastian Aho wins face-off versus Anze Kopitar in BlackHawks zone.
1:58 of 2nd period - Shot by Dustin Brown.
1:58 of 2nd period - Shot Misses the Net.
2:07 of 2nd period - Anze Kopitar is hit by Joel Edmundson and loses puck.
2:15 of 2nd period - Jaden Schwartz is hit by Joel Edmundson and loses puck.
2:20 of 2nd period - Shot by Anze Kopitar.
2:20 of 2nd period - Deflect By Brock Boeser.
2:20 of 2nd period - Stopped by Braden Holtby without a rebound.
2:21 of 2nd period - Jack Hughes wins face-off versus Phillip Danault in MapleLeafs zone.
2:42 of 2nd period - Shot by Phillip Danault.
2:42 of 2nd period - Stopped by Braden Holtby without a rebound.
2:43 of 2nd period - Jared McCann wins face-off versus Matt Duchene in MapleLeafs zone.
3:02 of 2nd period - Shot by Jared McCann.
3:02 of 2nd period - Stopped by Braden Holtby without a rebound.
3:03 of 2nd period - Sebastian Aho wins face-off versus Phillip Danault in MapleLeafs zone.
3:12 of 2nd period - Shot by Dustin Brown.
3:12 of 2nd period - Shot Misses the Net.
3:34 of 2nd period - Mike Matheson is hit by Phillip Danault and loses puck.
4:06 of 2nd period - Anze Kopitar is hit by Jay Beagle and loses puck.
4:10 of 2nd period - Off-side.
4:11 of 2nd period - Matt Duchene wins face-off versus Scott Laughton in neutral zone.
4:19 of 2nd period - Icing by Scott Laughton.
4:20 of 2nd period - Lawson Crouse wins face-off versus Jay Beagle in BlackHawks zone.
4:20 of 2nd period - John Marino is hit by Jay Beagle and loses puck.
4:29 of 2nd period - Shot by Scott Laughton.
4:29 of 2nd period - Stopped by Braden Holtby with a rebound.
4:31 of 2nd period - Shot by Lawson Crouse.
4:31 of 2nd period - Stopped by Braden Holtby with a rebound.
4:33 of 2nd period - Shot by John Marino.
4:33 of 2nd period - Deflect By Jared McCann.
4:33 of 2nd period - Goal by Jared McCann - MapleLeafs : 0 - BlackHawks : 1.
4:34 of 2nd period - Matt Duchene wins face-off versus Anze Kopitar in neutral zone.
4:49 of 2nd period - Shot by Kyle Okposo.
4:49 of 2nd period - Shot Blocked by Justin Faulk.
4:51 of 2nd period - Shot by Matt Duchene.
4:51 of 2nd period - Stopped by Jacob Markstrom with a rebound.
4:53 of 2nd period - Shot by Ryan Murray.
4:53 of 2nd period - Stopped by Jacob Markstrom without a rebound.
4:54 of 2nd period - Phillip Danault wins face-off versus Jay Beagle in BlackHawks zone.
5:26 of 2nd period - Brandon Carlo is hit by Jay Beagle.
5:29 of 2nd period - Icing by Phillip Danault.
5:30 of 2nd period - Phillip Danault wins face-off versus Dustin Brown in BlackHawks zone.
5:55 of 2nd period - Shot by Dustin Brown.
5:55 of 2nd period - Shot Blocked by Erik Johnson.
7:29 of 2nd period - Shot by Phil Kessel.
7:29 of 2nd period - Goal by Phil Kessel - MapleLeafs : 0 - BlackHawks : 2.
7:30 of 2nd period - Anze Kopitar wins face-off versus Jay Beagle in neutral zone.
7:58 of 2nd period - Off-side.
7:59 of 2nd period - Phillip Danault wins face-off versus Sebastian Aho in neutral zone.
8:02 of 2nd period - Shot by Phil Kessel.
8:02 of 2nd period - Stopped by Braden Holtby with a rebound.
8:16 of 2nd period - Shot by Sebastian Aho.
8:16 of 2nd period - Stopped by Jacob Markstrom without a rebound.
8:17 of 2nd period - Lawson Crouse wins face-off versus Roope Hintz in BlackHawks zone.
8:30 of 2nd period - Shot by Jared McCann.
8:30 of 2nd period - Deflect By Lawson Crouse.
8:30 of 2nd period - Shot Misses the Net.
8:32 of 2nd period - Shot by Scott Laughton.
8:32 of 2nd period - Deflect By Jared McCann.
8:32 of 2nd period - Stopped by Braden Holtby without a rebound.
8:33 of 2nd period - Jay Beagle wins face-off versus Anze Kopitar in MapleLeafs zone.
8:33 of 2nd period - Jay Beagle is hit by Jaden Schwartz.
8:44 of 2nd period - Minor Penalty to Justin Faulk for Elbowing.
8:45 of 2nd period - Anze Kopitar wins face-off versus Sebastian Aho in BlackHawks zone.
10:26 of 2nd period - Jaden Schwartz is hit by Kyle Okposo and loses puck.
10:52 of 2nd period - Shot by Jack Hughes.
10:52 of 2nd period - Goal by Jack Hughes - MapleLeafs : 1 - BlackHawks : 2.
10:53 of 2nd period - Scott Laughton wins face-off versus Jay Beagle in neutral zone.
10:57 of 2nd period - Ben Hutton is hit by Jamie Oleksiak and loses puck.
11:03 of 2nd period - Scott Laughton is hit by Ryan Murray and loses puck.
11:10 of 2nd period - Shot by Scott Laughton.
11:10 of 2nd period - Stopped by Braden Holtby with a rebound.
11:12 of 2nd period - Shot by Scott Laughton.
11:12 of 2nd period - Stopped by Braden Holtby without a rebound.
11:13 of 2nd period - Phillip Danault wins face-off versus Roope Hintz in MapleLeafs zone.
11:32 of 2nd period - Shot by Phillip Danault.
11:32 of 2nd period - Stopped by Braden Holtby without a rebound.
11:33 of 2nd period - Anze Kopitar wins face-off versus Jay Beagle in MapleLeafs zone.
11:40 of 2nd period - Shot by Erik Johnson.
11:40 of 2nd period - Shot Misses the Net.
11:42 of 2nd period - Shot by Justin Faulk.
11:42 of 2nd period - Goal by Justin Faulk - MapleLeafs : 1 - BlackHawks : 3.
11:43 of 2nd period - Anze Kopitar wins face-off versus Sebastian Aho in neutral zone.
11:45 of 2nd period - Off-side.
11:46 of 2nd period - Sebastian Aho wins face-off versus Anze Kopitar in neutral zone.
11:59 of 2nd period - Shot by Sebastian Aho.
11:59 of 2nd period - Stopped by Jacob Markstrom without a rebound.
12:00 of 2nd period - Phillip Danault wins face-off versus Matt Duchene in BlackHawks zone.
12:00 of 2nd period - Phillip Danault is hit by Ondrej Palat.
12:03 of 2nd period - Phil Kessel is hit by Kyle Okposo and loses puck.
12:12 of 2nd period - Shot by Ondrej Palat.
12:12 of 2nd period - Shot Misses the Net.
12:14 of 2nd period - Shot by Anton Stralman.
12:14 of 2nd period - Stopped by Jacob Markstrom without a rebound.
12:15 of 2nd period - Anze Kopitar wins face-off versus Sebastian Aho in BlackHawks zone.
12:15 of 2nd period - Anze Kopitar is hit by Dustin Brown.
12:23 of 2nd period - Erik Johnson is hit by Dustin Brown and loses puck.
12:27 of 2nd period - Erik Johnson is hit by Joel Edmundson and loses puck.
14:02 of 2nd period - Matt Duchene is hit by Johnny Boychuk and loses puck.
14:28 of 2nd period - Lawson Crouse is hit by Jamie Oleksiak and loses puck.
15:21 of 2nd period - Shot by Curtis Lazar.
15:21 of 2nd period - Stopped by Braden Holtby without a rebound.
15:22 of 2nd period - Phillip Danault wins face-off versus Roope Hintz in MapleLeafs zone.
15:22 of 2nd period - Phil Kessel is hit by Cody Ceci and loses puck.
15:25 of 2nd period - Shot by Erik Johnson.
15:25 of 2nd period - Stopped by Braden Holtby with a rebound.
15:27 of 2nd period - Shot by Phillip Danault.
15:27 of 2nd period - Goal by Phillip Danault - MapleLeafs : 1 - BlackHawks : 4.
15:28 of 2nd period - Matt Duchene wins face-off versus Scott Laughton in neutral zone.
15:30 of 2nd period - Off-side.
15:31 of 2nd period - Phillip Danault wins face-off versus Ondrej Palat in neutral zone.
15:38 of 2nd period - Shot by Phillip Danault.
15:38 of 2nd period - Stopped by Braden Holtby without a rebound.
15:39 of 2nd period - Jay Beagle wins face-off versus Jared McCann in MapleLeafs zone.
15:58 of 2nd period - Shot by Anze Kopitar.
15:58 of 2nd period - Stopped by Braden Holtby without a rebound.
15:59 of 2nd period - Phillip Danault wins face-off versus Sebastian Aho in MapleLeafs zone.
16:20 of 2nd period - Shot by Phillip Danault.
16:20 of 2nd period - Stopped by Braden Holtby without a rebound.
16:21 of 2nd period - Matt Duchene wins face-off versus Anze Kopitar in MapleLeafs zone.
16:30 of 2nd period - Shot by Anze Kopitar.
16:30 of 2nd period - Stopped by Braden Holtby without a rebound.
16:31 of 2nd period - Jay Beagle wins face-off versus Jared McCann in MapleLeafs zone.
16:31 of 2nd period - Jay Beagle is hit by Ivan Barbashev.
16:41 of 2nd period - Jared McCann is hit by Joel Edmundson and loses puck.
16:44 of 2nd period - Shot by Ivan Barbashev.
16:44 of 2nd period - Stopped by Braden Holtby without a rebound.
16:45 of 2nd period - Phillip Danault wins face-off versus Sebastian Aho in MapleLeafs zone.
16:55 of 2nd period - Icing by Anton Stralman.
16:56 of 2nd period - Sebastian Aho wins face-off versus Anze Kopitar in MapleLeafs zone.
17:53 of 2nd period - Shot by Phil Kessel.
17:53 of 2nd period - Stopped by Braden Holtby without a rebound.
17:54 of 2nd period - Scott Laughton wins face-off versus Matt Duchene in MapleLeafs zone.
19:42 of 2nd period - Shot by Brock Boeser.
19:42 of 2nd period - Stopped by Braden Holtby without a rebound.
19:43 of 2nd period - Roope Hintz wins face-off versus Jared McCann in MapleLeafs zone.
19:52 of 2nd period - Shot by Sebastian Aho.
19:52 of 2nd period - Stopped by Jacob Markstrom without a rebound.
19:53 of 2nd period - Anze Kopitar wins face-off versus Sebastian Aho in BlackHawks zone.
Goals for this period are 1 for MapleLeafs vs 4 for BlackHawks.
Shots for this period are 9 for MapleLeafs vs 25 for BlackHawks.

3rd period


0:01 of 3rd period - Dustin Brown wins face-off versus Brock Boeser in neutral zone.
0:04 of 3rd period - Erik Johnson is hit by Dustin Brown and loses puck.
0:55 of 3rd period - Shot by Jack Hughes.
0:55 of 3rd period - Stopped by Jacob Markstrom with a rebound.
1:20 of 3rd period - Jesper Bratt is hit by Adam Larsson and loses puck.
1:43 of 3rd period - Brandon Carlo is hit by Jack Hughes and loses puck.
1:53 of 3rd period - Icing by Cody Ceci.
1:54 of 3rd period - Jay Beagle wins face-off versus Scott Laughton in MapleLeafs zone.
1:58 of 3rd period - Anton Stralman is hit by Johnny Boychuk and loses puck.
3:00 of 3rd period - Shot by Dustin Brown.
3:00 of 3rd period - Deflect By Sebastian Aho.
3:00 of 3rd period - Shot Hit the Post.
3:30 of 3rd period - Shot by Brock Boeser.
3:30 of 3rd period - Shot Misses the Net.
4:13 of 3rd period - Shot by Lawson Crouse.
4:13 of 3rd period - Stopped by Braden Holtby without a rebound.
4:14 of 3rd period - Roope Hintz wins face-off versus Jared McCann in MapleLeafs zone.
4:19 of 3rd period - Shot by Mike Matheson.
4:19 of 3rd period - Shot Hit the Post.
4:23 of 3rd period - Shot by Roope Hintz.
4:23 of 3rd period - Shot Misses the Net.
4:35 of 3rd period - Shot by Sebastian Aho.
4:35 of 3rd period - Shot Blocked by Anze Kopitar.
4:39 of 3rd period - Shot by Leo Komarov.
4:39 of 3rd period - Stopped by Jacob Markstrom with a rebound.
4:43 of 3rd period - Shot by Sebastian Aho.
4:43 of 3rd period - Shot Blocked by Ivan Barbashev.
5:04 of 3rd period - Dustin Brown is hit by Phil Kessel and loses puck.
5:27 of 3rd period - Shot by Phil Kessel.
5:27 of 3rd period - Deflect By Phillip Danault.
5:27 of 3rd period - Stopped by Braden Holtby without a rebound.
5:28 of 3rd period - Matt Duchene wins face-off versus Scott Laughton in MapleLeafs zone.
5:53 of 3rd period - Shot by Ondrej Palat.
5:53 of 3rd period - Stopped by Jacob Markstrom without a rebound.
5:54 of 3rd period - Roope Hintz wins face-off versus Phillip Danault in BlackHawks zone.
6:19 of 3rd period - Shot by Phil Kessel.
6:19 of 3rd period - Stopped by Braden Holtby without a rebound.
6:20 of 3rd period - Anze Kopitar wins face-off versus Sebastian Aho in MapleLeafs zone.
6:53 of 3rd period - Sebastian Aho is hit by Brandon Carlo and loses puck.
7:40 of 3rd period - Jay Beagle is hit by Anze Kopitar.
8:09 of 3rd period - Matt Duchene is hit by Erik Johnson and loses puck.
8:35 of 3rd period - Shot by Sebastian Aho.
8:35 of 3rd period - Deflect By Roope Hintz.
8:35 of 3rd period - Stopped by Jacob Markstrom without a rebound.
8:36 of 3rd period - Sebastian Aho wins face-off versus Scott Laughton in BlackHawks zone.
8:47 of 3rd period - Shot by Dustin Brown.
8:47 of 3rd period - Stopped by Jacob Markstrom without a rebound.
8:48 of 3rd period - Roope Hintz wins face-off versus Scott Laughton in BlackHawks zone.
9:16 of 3rd period - Off-side.
9:17 of 3rd period - Curtis Lazar wins face-off versus Jay Beagle in neutral zone.
9:34 of 3rd period - Shot by Curtis Lazar.
9:34 of 3rd period - Shot Misses the Net.
9:36 of 3rd period - Shot by Phillip Danault.
9:36 of 3rd period - Shot Blocked by Joel Edmundson.
9:42 of 3rd period - Shot by Phil Kessel.
9:42 of 3rd period - Shot Blocked by Mike Matheson.
10:16 of 3rd period - Shot by Jared McCann.
10:16 of 3rd period - Stopped by Braden Holtby with a rebound.
10:22 of 3rd period - Shot by Ondrej Palat.
10:22 of 3rd period - Stopped by Jacob Markstrom without a rebound.
10:23 of 3rd period - Anze Kopitar wins face-off versus Sebastian Aho in BlackHawks zone.
10:23 of 3rd period - Anze Kopitar is hit by Sebastian Aho.
10:52 of 3rd period - Shot by Brock Boeser.
10:52 of 3rd period - Shot Misses the Net.
10:56 of 3rd period - Shot by Anze Kopitar.
10:56 of 3rd period - Shot Blocked by Ryan Murray.
10:58 of 3rd period - Shot by Brock Boeser.
10:58 of 3rd period - Shot Blocked by Sebastian Aho.
11:00 of 3rd period - Shot by Brandon Carlo.
11:00 of 3rd period - Stopped by Braden Holtby without a rebound.
11:01 of 3rd period - Matt Duchene wins face-off versus Scott Laughton in MapleLeafs zone.
11:01 of 3rd period - Matt Duchene is hit by Jared McCann.
11:17 of 3rd period - Shot by Ondrej Palat.
11:17 of 3rd period - Deflect By Matt Duchene.
11:17 of 3rd period - Shot Blocked by Erik Johnson.
11:19 of 3rd period - Shot by Matt Duchene.
11:19 of 3rd period - Shot Misses the Net.
11:21 of 3rd period - Shot by Kyle Okposo.
11:21 of 3rd period - Shot Misses the Net.
11:23 of 3rd period - Shot by Anton Stralman.
11:23 of 3rd period - Stopped by Jacob Markstrom without a rebound.
11:24 of 3rd period - Jay Beagle wins face-off versus Curtis Lazar in BlackHawks zone.
11:27 of 3rd period - Shot by Jay Beagle.
11:27 of 3rd period - Shot Misses the Net.
12:22 of 3rd period - Icing by Anze Kopitar.
12:23 of 3rd period - Anze Kopitar wins face-off versus Matt Duchene in BlackHawks zone.
12:58 of 3rd period - Shot by Brock Boeser.
12:58 of 3rd period - Stopped by Braden Holtby without a rebound.
12:59 of 3rd period - Tyler Johnson wins face-off versus Scott Laughton in MapleLeafs zone.
13:08 of 3rd period - Shot by Sebastian Aho.
13:08 of 3rd period - Stopped by Jacob Markstrom without a rebound.
13:09 of 3rd period - Jesper Bratt wins face-off versus Scott Laughton in BlackHawks zone.
13:20 of 3rd period - Jay Beagle is hit by Scott Laughton and loses puck.
13:29 of 3rd period - Lawson Crouse is hit by Jay Beagle and loses puck.
14:23 of 3rd period - Icing by Justin Faulk.
14:24 of 3rd period - Matt Duchene wins face-off versus Anze Kopitar in BlackHawks zone.
14:35 of 3rd period - Ondrej Palat is hit by Brock Boeser and loses puck.
14:48 of 3rd period - Shot by Matt Duchene.
14:48 of 3rd period - Shot Misses the Net.
14:50 of 3rd period - Shot by Kyle Okposo.
14:50 of 3rd period - Shot Misses the Net.
14:52 of 3rd period - Shot by Kyle Okposo.
14:52 of 3rd period - Goal by Kyle Okposo - MapleLeafs : 2 - BlackHawks : 4.
14:53 of 3rd period - Phillip Danault wins face-off versus Sebastian Aho in neutral zone.
15:12 of 3rd period - Phillip Danault is hit by Dustin Brown and loses puck.
15:25 of 3rd period - Shot by Phillip Danault.
15:25 of 3rd period - Shot Blocked by Dustin Brown.
16:06 of 3rd period - Shot by Mike Matheson.
16:06 of 3rd period - Stopped by Jacob Markstrom without a rebound.
16:07 of 3rd period - Scott Laughton wins face-off versus Matt Duchene in BlackHawks zone.
16:14 of 3rd period - Shot by Jared McCann.
16:14 of 3rd period - Stopped by Braden Holtby with a rebound.
16:18 of 3rd period - Shot by Lawson Crouse.
16:18 of 3rd period - Shot Misses the Net.
16:20 of 3rd period - Shot by Lawson Crouse.
16:20 of 3rd period - Shot Blocked by Kyle Okposo.
16:30 of 3rd period - Shot by Scott Laughton.
16:30 of 3rd period - Shot Misses the Net.
17:23 of 3rd period - Shot by Brock Boeser.
17:23 of 3rd period - Shot Misses the Net.
18:34 of 3rd period - Shot by Scott Laughton.
18:34 of 3rd period - Shot Blocked by Jamie Oleksiak.
18:36 of 3rd period - Shot by Jarred Tinordi.
18:36 of 3rd period - Shot Misses the Net.
18:50 of 3rd period - Shot by Scott Laughton.
18:50 of 3rd period - Shot Misses the Net.
19:01 of 3rd period - Icing by Ondrej Palat.
19:02 of 3rd period - Anze Kopitar wins face-off versus Matt Duchene in MapleLeafs zone.
19:13 of 3rd period - Shot by Brock Boeser.
19:13 of 3rd period - Stopped by Braden Holtby without a rebound.
19:14 of 3rd period - Phillip Danault wins face-off versus Sebastian Aho in MapleLeafs zone.
19:42 of 3rd period - Shot by Dustin Brown.
19:42 of 3rd period - Shot Misses the Net.
Goals for this period are 1 for MapleLeafs vs 0 for BlackHawks.
Shots for this period are 10 for MapleLeafs vs 8 for BlackHawks.